Map: Artillería pesada EE

Players

RandsonGamer

  • Race: Protoss Protoss
  • Spawn Location: 7:00

Absy

  • Race: Zerg Zerg
  • League: Bronze
  • Spawn Location: 7:00

TATORREA - Winner!

  • Race: Protoss Protoss
  • League: Gold
  • Spawn Location: 3:00

MrFercho - Winner!

  • Race: Zerg Zerg
  • League: Silver
  • Spawn Location: 1:00

VOD

Have the link to the VOD?

Description

Time

  • Played on: July 9, 2020, 8:30 p.m.
  • Length: 11:19
Show
View Real Time Build Order
Export as new Build Order

RandsonGamer Protoss 

Build Orders:  

Get SALT Encoding   

  12  0:03  Probe  
  13  0:15  Probe  
  14  0:28  Probe  
  15  0:38  Pylon  
  15  0:50  Pylon  
  15  0:56  Probe  
  16  0:59  Pylon  
  16  1:06  Gateway  
  16  1:10  Forge  
  16  1:14  Pylon  
  16  1:22  Assimilator, Probe  
  17  1:39  Gateway  
  17  1:56  Zealot  
  19  2:04  Probe  
  20  2:11  Assimilator  
  20  2:16  Probe  
  21  2:23  Cybernetics Core, Zealot  
  21  2:28  Probe  
  24  2:40  Probe  
  25  2:50  Zealot  
  27  2:52  Probe  
  27  2:56  Stalker  
  28  3:04  Probe  
  31  3:17  Photon Cannon, Probe  
  32  3:26  Pylon  
  32  3:46  Nexus  
  32  3:53  Assimilator  
  32  3:57  Assimilator  
  32  4:00  Warp Gate  
  32  4:01  Pylon  
  32  4:02  Probe  
  33  4:10  Probe  
  33  4:16  Stalker  
  36  4:19  Probe  
  36  4:21  Stalker  
  39  4:30  Photon Cannon  
  39  4:31  Probe  
  40  4:41  Shield Battery  
  40  4:43  Probe  
  41  4:55  Probe  
  42  5:04  Probe  
  43  5:08  Pylon, Probe  
  43  5:14  Stargate  
  44  5:17  Probe  
  44  5:20  Probe  
  46  5:23  Robotics Facility  
  46  5:28  Pylon  
  46  5:29  Probe  
  47  5:41  Probe  
  48  5:48  Photon Cannon  
  48  5:53  Photon Cannon, Probe  
  49  5:57  Pylon  
  49  6:13  Stargate  
  45  6:20  Stalker  
  45  6:34  Photon Cannon  
  43  6:46  Adept x2  
  47  6:50  Void Ray  
  47  6:52  Gateway  
  47  6:53  Immortal  
  47  7:09  Stalker  
  47  7:10  Stalker  
  43  7:18  Photon Cannon  
  43  7:21  Photon Cannon  
  37  7:24  Photon Cannon  
  37  7:28  Photon Cannon  
  33  8:00  Photon Cannon  
  33  8:03  Photon Cannon  
  33  8:05  Photon Cannon  
  23  8:08  Photon Cannon  
  23  8:10  Shield Battery  
  23  8:14  Stalker x2  
  27  8:24  Pylon  
  27  8:27  Photon Cannon  
  27  8:37  Photon Cannon  
  27  8:39  Photon Cannon  
  23  8:43  Photon Cannon  
  23  8:54  Pylon  
  23  8:59  Stalker  
  25  9:13  Photon Cannon  
  25  9:25  Zealot  
    10:31  Stalker  
  2  10:40  Stalker  
  4  10:45  Probe  
  5  10:57  Probe  
  5  11:02  Photon Cannon  
  6  11:05  Photon Cannon  
Show
View Real Time Build Order
Export as new Build Order

Absy Zerg 

Build Orders: Pool First 

Get SALT Encoding   

  12  0:02  Drone  
  13  0:13  Overlord  
  13  0:21  Drone  
  14  0:32  Drone  
  14  0:33  Drone  
  16  0:37  Drone  
  17  0:46  Drone  
  18  0:52  Spawning Pool  
  17  0:57  Drone  
  18  1:12  Hatchery  
  18  1:16  Drone  
  18  1:19  Drone  
  18  1:23  Extractor  
  18  1:29  Drone  
  19  1:41  Zergling x2  
  22  2:00  Zergling x2  
  21  2:03  Overlord  
  21  2:09  Roach Warren  
  21  2:12  Overlord  
  20  2:29  Zergling x4  
  22  2:34  Lair  
  22  2:36  Zergling x2  
  24  2:37  Zergling x2  
  24  2:46  Drone x2  
  24  2:47  Extractor  
  25  2:53  Queen  
  27  2:58  Drone x2  
  29  3:26  Zergling x6  
  29  3:27  Zergling x2  
  33  3:36  Nydus Network  
  33  3:37  Zergling x4  
  34  3:47  Drone x2  
  36  3:53  Metabolic Boost  
  36  3:57  Zergling x4  
  36  4:02  Zergling x4  
  41  4:17  Zergling x4  
  42  4:28  Roach  
  42  4:29  Overlord  
  44  4:41  Overlord x2  
  44  4:50  Hatchery  
  44  4:51  Zergling x4  
  45  4:59  Zergling x4  
  47  5:10  Roach  
  47  5:11  Roach  
  51  5:19  Nydus Canal  
  48  5:56  Roach x3  
  48  5:57  Roach x2  
  58  6:07  Overlord x3  
  58  6:31  Zergling x12  
  58  6:32  Zergling x10  
  69  6:37  Nydus Canal  
  69  6:44  Zergling x6  
  63  7:30  Zergling x12  
  63  7:58  Zergling x6  
  63  7:59  Zergling x2  
  49  8:13  Roach x2  
  41  8:36  Zergling x4  
  41  8:37  Zergling x8  
  31  9:05  Roach x4  
  39  9:16  Ravager  
  38  9:21  Zergling x8  
  38  9:26  Ravager x2  
  36  9:55  Zergling x12  
  42  10:05  Ravager  
  8  10:26  Zergling x8  
  4  10:35  Zergling x4  
Show
View Real Time Build Order
Export as new Build Order

TATORREA Protoss - Winner!

Build Orders:  

Get SALT Encoding   

  12  0:01  Probe  
  13  0:13  Probe  
  14  0:21  Pylon  
  14  0:25  Probe  
  15  0:38  Probe  
  15  0:41  Gateway  
  16  0:46  Probe  
  16  0:48  Assimilator  
  16  0:54  Probe  
  18  1:05  Probe  
  18  1:08  Pylon  
  19  1:18  Probe  
  20  1:32  Cybernetics Core  
  20  1:34  Gateway  
  20  1:38  Gateway  
  20  1:48  Assimilator  
  20  1:52  Probe  
  20  1:53  Pylon  
  21  2:04  Probe  
  22  2:09  Warp Gate  
  22  2:14  Stalker  
  24  2:24  Stalker  
  26  2:30  Stalker  
  26  2:36  Gateway  
  28  2:50  Robotics Facility, Probe  
  29  2:59  Stalker  
  29  3:05  Stalker  
  33  3:12  Stalker  
  35  3:23  Stalker  
  37  3:45  Twilight Council  
  37  4:07  Pylon  
  37  4:13  Pylon  
  37  4:16  Sentry  
  39  4:25  Immortal  
  39  4:28  Charge  
  43  4:41  Zealot x2  
  43  4:42  Zealot x2  
  51  5:05  Observer  
  52  5:07  Forge  
  52  5:09  Forge  
  52  5:11  Forge  
  52  5:19  Stalker  
  54  5:51  Nexus  
  54  5:54  Pylon  
  54  6:00  Pylon  
  54  6:02  Probe  
  55  6:14  Probe  
  56  6:26  Probe  
  57  6:38  Probe  
  58  6:51  Probe  
  36  7:15  Stalker  
  36  7:16  Stalker  
  15  9:49  Probe  
  8  10:01  Probe  
  9  10:08  Pylon  
  9  10:10  Nexus  
  9  10:12  Pylon, Probe  
  10  10:15  Pylon  
  10  10:20  Probe  
  10  10:27  Gateway  
  11  10:28  Gateway, Probe  
  11  10:31  Gateway  
  11  10:33  Gateway  
  12  10:40  Probe  
  13  10:52  Probe  
  14  10:57  Assimilator  
  14  11:04  Probe  
Show
View Real Time Build Order
Export as new Build Order

MrFercho Zerg - Winner!

Build Orders: Hatch First 

Get SALT Encoding   

  12  0:01  Drone  
  13  0:13  Overlord  
  13  0:20  Drone  
  14  0:32  Drone x2  
  16  0:52  Hatchery, Drone  
  16  0:56  Drone  
  17  0:59  Drone  
  18  1:11  Extractor  
  18  1:16  Spawning Pool  
  17  1:18  Drone  
  17  1:22  Drone  
  18  1:28  Drone  
  19  1:39  Drone  
  20  1:51  Overlord  
  20  2:05  Queen  
  20  2:06  Queen  
  20  2:07  Drone x2  
  26  2:14  Overlord  
  26  2:15  Drone  
  27  2:26  Drone x2  
  29  2:33  Drone  
  30  2:37  Drone  
  31  2:54  Drone x2  
  33  2:59  Overlord x2  
  33  3:05  Drone  
  33  3:06  Metabolic Boost  
  33  3:09  Drone  
  35  3:18  Hatchery  
  34  3:20  Queen  
  34  3:23  Zergling x12  
  42  3:28  Drone  
  43  3:38  Drone  
  43  3:39  Drone  
  45  3:45  Drone x2  
  47  4:00  Zergling x10  
  52  4:05  Overlord x2  
  52  4:15  Overlord  
  52  4:16  Overlord  
  52  4:24  Drone x3  
  52  4:25  Drone  
  56  4:39  Drone x5  
  61  4:46  Zergling x4  
  63  4:53  Evolution Chamber  
  63  4:55  Drone x3  
  65  5:09  Drone x3  
  65  5:11  Zergling x2  
  65  5:12  Zergling x10  
  74  5:22  Zergling x4  
  74  5:23  Zergling x4  
  78  5:40  Zerg Melee Weapons Level 1  
  78  5:43  Zergling x8  
  78  5:44  Zergling x16  
  90  6:06  Overlord x5  
  90  6:07  Overlord  
  83  6:23  Zergling x12  
  83  6:24  Zergling x2  
  74  6:36  Zergling x6  
  74  6:42  Zergling x4  
  75  6:51  Zergling x4  
  74  7:02  Zergling x12  
  60  7:40  Zergling x26  
  60  7:41  Zergling x8  
  70  8:10  Zergling x2  
  70  8:11  Zergling x26  
  69  8:21  Zerg Ground Armor Level 1  
  60  8:43  Zergling x2  
  60  8:44  Zergling x14  
  68  8:54  Zergling x6  
  71  9:08  Zergling x12  
  71  9:09  Zergling x4  
  79  9:17  Extractor  
  74  10:06  Zergling x20  
  84  10:12  Extractor  
  83  10:14  Extractor  
  83  10:20  Zergling x6  
Tags
 
Add a new tag
Caveats
  • Supply blocks, unpowered buildings, or Contaminate may cause inaccurate times.
  • Supply counts are checked every 10 seconds.